 Dungeon Crawl Stone Soup version 0.21-a0-552-g593960d (webtiles) character file.

318 tidbits the Insei (level 6, -7/47 HPs)
             Began as a Gnoll Transmuter on Dec 17, 2017.
             Mangled by arkorax's ghost (10 damage)
             ... on level 5 of the Dungeon.
             The game lasted 00:08:05 (858 turns).

tidbits the Insei (Gnoll Transmuter)                 Turns: 858, Time: 00:08:06

Health: -7/47      AC:  5    Str: 18    XL:     6   Next: 45%
Magic:  9/14       EV: 15    Int: 20    God:
Gold:   108        SH:  0    Dex: 15    Spells: 9/15 levels left

rFire    . . .     SeeInvis .     - Unarmed
rCold    . . .     Gourm    .   (no shield)
rNeg     . . .     Faith    .   b - +0 robe
rPois    .         Spirit   .   (no helmet)
rElec    .         Reflect  .   C - +2 cloak
rCorr    .         Harm     .   (no gloves)
MR       .....                  (no boots)
Stlth    ++........             (no amulet)
HPRegen  0.15/turn              (no ring)
MPRegen  0.14/turn              r - +3 ring of intelligence

@: mighty
A: distributed training, fangs 1, strong nose
a: no special abilities


You were on level 5 of the Dungeon.
You were not hungry.

You visited 1 branch of the dungeon, and saw 6 of its levels.

You collected 108 gold pieces.

Inventory:

Hand Weapons
 l - a +0 spear
 z - the +0 whip of the Thirsty Princes {freeze, rC+ MR- Str+3}
   (You took it off an orc wizard on level 4 of the Dungeon)

   It has been specially enchanted to freeze those struck by it, causing extra
   injury to most foes and up to half again as much damage against particularly
   susceptible opponents.
   It can also slow down cold-blooded creatures.
   It affects your strength (+3).
   It protects you from cold.
   It affects your resistance to hostile enchantments.
Missiles
 a - 55 arrows
 f - 46 stones (quivered)
Armour
 b - a +0 robe (worn)
 u - a cursed +0 shield
 x - a +0 pair of gloves
 C - a +2 cloak (worn)
Jewellery
 o - an uncursed ring of resist corrosion
   (You found it on level 1 of the Dungeon)
 r - a +3 ring of intelligence (right hand)
   (You found it on level 3 of the Dungeon)
Scrolls
 h - a scroll of fear {unknown}
 i - 2 scrolls of magic mapping
 m - 3 scrolls of teleportation
 s - a scroll of enchant weapon {unknown}
 t - a scroll of remove curse
 y - a scroll of enchant armour {unknown}
Potions
 e - a potion of flight {unknown}
 g - a potion of mutation {unknown}
 j - a potion of lignification {unknown}
 k - a potion of heal wounds {unknown}
 p - a potion of cancellation {unknown}
 q - a potion of might
 w - a potion of resistance
Books
 c - a book of Changes

   Spells                             Type                      Level
   a - Beastly Appendage              Transmutation                1
   b - Sticks to Snakes               Transmutation                2
   c - Spider Form                    Transmutation/Poison         3
   d - Ice Form                       Ice/Transmutation            4
   e - Blade Hands                    Transmutation                5
Comestibles
 d - 2 bread rations
 n - 2 meat rations


   Skills:
 + Level 3.2 Fighting
 + Level 1.9 Short Blades
 + Level 1.9 Long Blades
 + Level 1.9 Axes
 + Level 1.9 Maces & Flails
 + Level 1.9 Polearms
 + Level 1.9 Staves
 + Level 1.9 Slings
 + Level 1.9 Bows
 + Level 1.9 Crossbows
 + Level 1.9 Throwing
 + Level 1.9 Armour
 + Level 5.0 Dodging
 + Level 1.9 Stealth
 + Level 1.9 Shields
 + Level 6.8 Unarmed Combat
 + Level 5.3 Spellcasting
 + Level 1.5 Conjurations
 + Level 1.5 Hexes
 + Level 1.5 Charms
 + Level 1.5 Summonings
 + Level 1.5 Necromancy
 + Level 1.5 Translocations
 + Level 4.1 Transmutations
 + Level 1.5 Fire Magic
 + Level 1.5 Ice Magic
 + Level 1.5 Air Magic
 + Level 1.5 Earth Magic
 + Level 1.5 Poison Magic
 + Level 2.1 Invocations
 + Level 1.9 Evocations


You had 9 spell levels left.
You knew the following spells:

 Your Spells              Type           Power        Failure   Level  Hunger
e - Beastly Appendage     Tmut           ###...       1%          1    None
k - Sticks to Snakes      Tmut           ###.....     3%          2    None
p - Spider Form           Tmut/Pois      ###.......   11%         3    ##.....


Dungeon Overview and Level Annotations

Branches:
Dungeon (6/15)
 Temple: D:4-7

Altars:

Annotations:
D:5 arkorax's ghost, novice DsWn


Innate Abilities, Weirdness & Mutations

Your experience applies equally to all skills.
You have very sharp teeth.
Your uncanny sense of smell can sniff out nearby items.


Message History

Your adder closely misses arkorax's ghost.
Arkorax's ghost hits your ball python.
Your ball python dies!
Your adder closely misses arkorax's ghost.
You hit arkorax's ghost.
Arkorax's ghost is lightly damaged.
Your adder barely misses arkorax's ghost.
Arkorax's ghost hits you.
You hit arkorax's ghost.
Arkorax's ghost is lightly damaged.
Your adder misses arkorax's ghost. The orc barely misses your adder.
The orc completely misses your adder. Arkorax's ghost hits you.
Your adder bites arkorax's ghost.
You bite arkorax's ghost!
Arkorax's ghost is moderately damaged.
Your adder misses arkorax's ghost. The orc hits your adder with a dagger.
The orc misses your adder.
You bite arkorax's ghost!
Arkorax's ghost is heavily damaged.
Arkorax's ghost hits you. The orc wizard barely misses you.
Your adder misses arkorax's ghost. You closely miss arkorax's ghost.
Arkorax's ghost is heavily damaged.
Arkorax's ghost hits you!
* * * LOW HITPOINT WARNING * * *
The orc hits your adder but does no damage.
Your adder completely misses arkorax's ghost.
You miss arkorax's ghost.
Arkorax's ghost is heavily damaged.
Your adder completely misses arkorax's ghost.
Something misses your adder.
Arkorax's ghost grins evilly.
Arkorax's ghost hits you.
* * * LOW HITPOINT WARNING * * *
The orc closely misses your adder.
The orc wizard gestures wildly while chanting.
The orc wizard seems to speed up.
You barely miss the orc wizard.
Your transformation is almost over.
Your adder barely misses arkorax's ghost.
The orc wizard completely misses you.
Something hits your adder but does no damage.
Arkorax's ghost misses you. The orc misses your adder.
You bite the orc wizard!
The orc wizard looks as sick as possible!
The orc wizard is severely wounded.
The orc wizard begins to cast a cantrip, but forgets the words!
Your adder misses arkorax's ghost. The orc barely misses you.
Something hits your adder. Arkorax's ghost completely misses you.
You bite the orc wizard!
You kill the orc wizard!
Your Dodging skill increases to level 5!
Your adder closely misses arkorax's ghost.
The orc hits your adder with a hand axe.
The orc completely misses you. Arkorax's ghost hits you!
* * * LOW HITPOINT WARNING * * *
Something hits your adder.
You bite the orc!
You kill the orc!
Your adder bites arkorax's ghost but does no damage.
The orc completely misses your adder.
Your adder bites arkorax's ghost but does no damage.
Arkorax's ghost hits you.
* * * LOW HITPOINT WARNING * * *
Something completely misses your adder.
You feel better.
Your adder misses arkorax's ghost. Arkorax's ghost closely misses you.
Something misses your adder.
You bite the orc!
You kill the orc!
Your adder bites arkorax's ghost but does no damage.
You bite arkorax's ghost!
Arkorax's ghost is heavily damaged.
Something hits your adder.
Your adder barely misses arkorax's ghost.
Arkorax's ghost misses you.
You hit arkorax's ghost.
Arkorax's ghost is heavily damaged.
Your adder bites arkorax's ghost.
Something misses your adder.
Arkorax's ghost closely misses your adder.
Your adder bites arkorax's ghost but does no damage.
You maul arkorax's ghost!!
Arkorax's ghost is almost destroyed.
Something barely misses your adder. Arkorax's ghost completely misses you.
Your adder closely misses arkorax's ghost.
You hit arkorax's ghost but do no damage.
Arkorax's ghost is almost destroyed.
Something barely misses your adder. Arkorax's ghost closely misses you.
Your adder closely misses arkorax's ghost.
You hit arkorax's ghost but do no damage.
Arkorax's ghost is almost destroyed.
Your adder closely misses arkorax's ghost.
Something barely misses your adder. Arkorax's ghost hits you!
* * * LOW HITPOINT WARNING * * *
You barely miss arkorax's ghost.
Arkorax's ghost is almost destroyed.
Your transformation has ended.
Your +2 cloak unmelds from your body.
Your +0 robe unmelds from your body.
Your adder closely misses arkorax's ghost.
Arkorax's ghost hits you!
You die...

........+ .......# ∆
.......# ......#
#.....# #.....#
#{....+ .. #SW)..# ...
######.@)..#####...
#................##+##
#...)............+...#
#................#...#
#.............>..#...#
#................#.<.#
#................#...#
#................#####
##############'#.....#


You could see arkorax's ghost and a friendly adder.

Vanquished Creatures
  A crimson imp (D:5)
  A hound (D:4)
  2 orc wizards
  An orc priest (D:5)
  A worker ant (D:5)
  A gnoll (D:4)
  A dart slug (D:1)
  A leopard gecko (D:4)
  8 orcs
  3 giant cockroaches (D:1)
  2 goblins
  3 hobgoblins (D:1)
  6 jackals
  3 kobolds
  A quokka (D:4)
  A ball python skeleton (D:4)
  2 bats (D:1)
  4 frilled lizards (D:1)
  3 rats
45 creatures vanquished.

Vanquished Creatures (collateral kills)
  A gnoll sergeant (D:4)
  An adder (D:2)
  3 gnolls (D:4)
  2 leopard geckos (D:1)
  2 bats
  A rat (D:1)
10 creatures vanquished.

Grand Total: 55 creatures vanquished

Notes
Turn   | Place    | Note
-------+----------+-------------------------------------------
     0 | D:1      | tidbits the Gnoll Transmuter began the quest for the Orb.
     0 | D:1      | Reached XP level 1. HP: 17/17 MP: 6/6
    42 | D:1      | Reached XP level 2. HP: 23/23 MP: 5/7
    46 | D:1      | Learned a level 2 spell: Sticks to Snakes
   233 | D:1      | Reached XP level 3. HP: 27/28 MP: 7/9
   238 | D:1      | Learned a level 3 spell: Spider Form
   305 | D:2      | Reached skill level 5 in Spellcasting
   442 | D:4      | Noticed a gnoll sergeant
   454 | D:4      | Reached skill level 1 in Invocations
   458 | D:4      | Reached skill level 1 in Short Blades
   458 | D:4      | Reached skill level 1 in Long Blades
   458 | D:4      | Reached skill level 1 in Axes
   458 | D:4      | Reached skill level 1 in Maces & Flails
   458 | D:4      | Reached skill level 1 in Polearms
   458 | D:4      | Reached skill level 1 in Staves
   458 | D:4      | Reached skill level 1 in Slings
   458 | D:4      | Reached skill level 1 in Bows
   458 | D:4      | Reached skill level 1 in Crossbows
   458 | D:4      | Reached skill level 1 in Throwing
   458 | D:4      | Reached skill level 1 in Armour
   458 | D:4      | Reached skill level 1 in Stealth
   458 | D:4      | Reached skill level 1 in Shields
   458 | D:4      | Reached skill level 1 in Evocations
   458 | D:4      | Reached XP level 4. HP: 29/34 MP: 4/11
   472 | D:4      | Killed a gnoll sergeant
   472 | D:4      | Reached skill level 1 in Conjurations
   472 | D:4      | Reached skill level 1 in Hexes
   472 | D:4      | Reached skill level 1 in Charms
   472 | D:4      | Reached skill level 1 in Summonings
   472 | D:4      | Reached skill level 1 in Necromancy
   472 | D:4      | Reached skill level 1 in Translocations
   472 | D:4      | Reached skill level 1 in Fire Magic
   472 | D:4      | Reached skill level 1 in Ice Magic
   472 | D:4      | Reached skill level 1 in Air Magic
   472 | D:4      | Reached skill level 1 in Earth Magic
   472 | D:4      | Reached skill level 1 in Poison Magic
   480 | D:4      | Reached XP level 5. HP: 22/40 MP: 3/12
   574 | D:5      | Entered Level 5 of the Dungeon
   601 | D:4      | Reached skill level 3 in Fighting
   601 | D:4      | Reached skill level 4 in Transmutations
   612 | D:4      | Got a pitted whip {freeze}
   629 | D:4      | Identified the cursed +0 whip of the Thirsty Princes {freeze, rC+ MR- Str+3} (You took it off an orc wizard on level 4 of the Dungeon)
   771 | D:5      | Reached XP level 6. HP: 34/47 MP: 5/13
   774 | D:5      | Reached skill level 2 in Invocations
   832 | D:5      | Noticed arkorax's ghost (novice DsWn)
   849 | D:5      | Reached skill level 5 in Dodging
   850 | D:5      | HP: 4/47 [arkorax's ghost (6)]
   857 | D:5      | HP: 2/47 [arkorax's ghost (9)]
   858 | D:5      | Mangled by arkorax's ghost

Vault maps used:
D:1:      mrwooster_arrival_statue, minmay_liquid_box
D:2:      grunt_gozag_statues
D:3:      chequers_ecumenical_altar_simple_redux
D:5:      nicolae_overflow_hidden_temple, minmay_temple_entry_overgrown,
          first_bread
D:6:      uniq_sigmund

Skill      XL: |  1  2  3  4  5  6 |
---------------+-------------------+-----
Spellcasting   | 5 |  5.3
Invocations    | 1 2 |  2.1
Short Blades   | 1 |  1.9
Long Blades    | 1 |  1.9
Axes           | 1 |  1.9
Maces & Flails | 1 |  1.9
Polearms       | 1 |  1.9
Staves         | 1 |  1.9
Slings         | 1 |  1.9
Bows           | 1 |  1.9
Crossbows      | 1 |  1.9
Throwing       | 1 |  1.9
Armour         | 1 |  1.9
Stealth        | 1 |  1.9
Shields        | 1 |  1.9
Evocations     | 1 |  1.9
Conjurations   | 1 |  1.5
Hexes          | 1 |  1.5
Charms         | 1 |  1.5
Summonings     | 1 |  1.5
Necromancy     | 1 |  1.5
Translocations | 1 |  1.5
Fire Magic     | 1 |  1.5
Ice Magic      | 1 |  1.5
Air Magic      | 1 |  1.5
Earth Magic    | 1 |  1.5
Poison Magic   | 1 |  1.5
Fighting       | 3 |  3.2
Transmutations | 4 |  4.1
Dodging        | 5 |  5.0
Unarmed Combat | |  6.8

Action                   |  1- 3 |  4- 6 || total
-------------------------+-------+-------++-------
Melee: Unarmed           |    55 |    59 ||   114
       Kick              |     7 |       ||     7
       Bite              |     5 |       ||     5
       Headbutt          |     2 |       ||     2
       Punch             |     1 |       ||     1
 Cast: Beastly Appendage |     6 |       ||     6
       Sticks to Snakes  |     5 |     7 ||    12
       Spider Form       |     3 |     8 ||    11
  Use: Scroll            |       |     5 ||     5
       Potion            |       |     2 ||     2
 Stab: Sleeping          |     1 |       ||     1
  Eat: Chunk             |       |     1 ||     1
Armor: Robe              |     8 |       ||     8
       Skin              |       |     1 ||     1
Dodge: Dodged            |    33 |    40 ||    73

Table legend:
 A = Spawn XP
 B = Non-spawn XP
 C = Spawn XP percentage of total XP
 D = Spawn monster count
 E = Non-spawn monster count
 F = Spawn count percentage of total count
 G = Total turns spent on level
                    A         B        C        D         E        F      G
               +---------+---------+-------+---------+---------+-------+---------
         Total |       0 |     455 |   0.0 |       0 |      55 |   0.0 |   858
               +---------+---------+-------+---------+---------+-------+---------
           D:1 |       0 |      35 |   0.0 |       0 |      21 |   0.0 |   281
           D:2 |       0 |      15 |   0.0 |       0 |       3 |   0.0 |    51
           D:3 |       0 |      10 |   0.0 |       0 |       6 |   0.0 |    78
           D:4 |       0 |     213 |   0.0 |       0 |      13 |   0.0 |   327
           D:5 |       0 |     182 |   0.0 |       0 |      12 |   0.0 |   100
               +---------+---------+-------+---------+---------+-------+---------

Table legend:
 A = Turns spent in this place as a percentage of turns spent in the entire game.
 B = Non-inter-level travel turns spent in this place as a percentage of non-inter-level travel turns spent in the entire game.
 C = Inter-level travel turns spent in this place as a percentage of turns spent in this place.
 D = Turns resting spent in this place as a percentage of non-inter-level travel turns spent in this place.
 E = Turns spent auto-exploring this place as a percentage of non-inter-level travel turns spent in this place.
 F = Non-inter-level travel turns spent in this place divided by the number of levels of this place that you've seen.
                   A       B       C       D       E      F
               +-------+-------+-------+-------+-------+----------------------
         Total | 100.0 | 100.0 |   0.0 |   0.0 |   0.0 | 143.0
       Dungeon | 100.0 | 100.0 |   0.0 |   0.0 |   0.0 | 143.0
               +-------+-------+-------+-------+-------+----------------------

Table legend:
 A = Kills in this place as a percentage of kills in entire the game.
 B = Kills by you in this place as a percentage of kills by you in the entire game.
 C = Kills by friends in this place as a percentage of kills by friends in the entire game.
 D = Other kills in this place as a percentage of other kills in the entire game.
 E = Experience gained in this place as a percentage of experience gained in the entire game.
 F = Experience gained in this place divided by the number of levels of this place that you have seen.
                   A       B       C       D       E      F
               +-------+-------+-------+-------+-------+----------------------
         Total | 100.0 | 100.0 | 100.0 |   N/A | 100.0 |  75.8
       Dungeon | 100.0 | 100.0 | 100.0 |   N/A | 100.0 |  75.8
               +-------+-------+-------+-------+-------+----------------------

Vault maps used:
D:1:      mrwooster_arrival_statue, minmay_liquid_box
D:2:      grunt_gozag_statues
D:3:      chequers_ecumenical_altar_simple_redux
D:5:      nicolae_overflow_hidden_temple, minmay_temple_entry_overgrown,
          first_bread
D:6:      uniq_sigmund
